TOP OF THE 1ST |
Columbus Reds batting - Pitching for Southern Maryland Blue Crabs : RHP Bob Bychyk
|
Pitching: RHP Bob Bychyk
|
|
Batting: RHB Randy Grewe
|
0-0: Ball 1-0: Ball 2-0: Foul Ball, location: 2F 2-1: Swinging Strike 2-2: Ball 3-2: Fly out, F7 (Flyball, 7S, EV 93.1 MPH)
|
Batting: RHB Juan Zamora
|
0-0: Ball 1-0: Ball 2-0: Ball 3-0: Base on Balls
|
Batting: LHB Jamie Spangenberg
|
0-0: Ball 1-0: Ball 2-0: Called Strike 2-1: Foul Ball, location: 2F 2-2: Foul Ball, location: 2F 2-2: Foul Ball, location: 2F 2-2: Foul Ball, location: 2F 2-2: Grounds out, U3 (Groundball, 3L, EV 78.8 MPH)
|
Batting: RHB Mark Williams
|
0-0: Swinging Strike 0-1: Ground out 4-3 (Groundball, 4, EV 97.5 MPH)
|
Top of the 1st over - 0 runs, 0 hits, 0 errors, 1 left on base; Columbus 0 - Southern Maryland 0 |
BOTTOM OF THE 1ST |
Southern Maryland Blue Crabs batting - Pitching for Columbus Reds : RHP Bayani Blanco
|
Pitching: RHP Bayani Blanco
|
|
Batting: SHB Eric Kelley
|
0-0: Called Strike 0-1: Ball 1-1: Ball 2-1: Ball 3-1: Fly out, F9 (Flyball, 89M, EV 86.9 MPH)
|
Batting: LHB Jeremy Nuzzo
|
0-0: Ball 1-0: Ball 2-0: Ball 3-0: Called Strike 3-1: SOLO HOME RUN (Flyball, 9D, EV 98.1 MPH), Distance : 375 ft
|
Batting: RHB Pedro Luera
|
0-0: Swinging Strike 0-1: Swinging Strike 0-2: DOUBLE (Line Drive, 89M, EV 105.6 MPH)
|
Batting: LHB Robert Ortiz
|
0-0: Ball 1-0: Ground out 1-3 (Groundball, 15, EV 65.0 MPH)
|
Batting: RHB Tyler Cohen
|
0-0: Called Strike 0-1: Called Strike 0-2: Ball 1-2: Strikes out swinging
|
Bottom of the 1st over - 1 run, 2 hits, 0 errors, 1 left on base; Columbus 0 - Southern Maryland 1 |
TOP OF THE 2ND |
Columbus Reds batting - Pitching for Southern Maryland Blue Crabs : RHP Bob Bychyk
|
Batting: RHB Alex Villagomez
|
0-0: Foul Ball, location: 2F 0-1: Swinging Strike 0-2: Foul Ball, location: 2F 0-2: Strikes out looking
|
Batting: SHB Cesar Pelayo
|
0-0: Called Strike 0-1: Swinging Strike 0-2: SOLO HOME RUN (Flyball, 89XD, EV 111.2 MPH), Distance : 435 ft
|
Batting: RHB Alex Juarez
|
0-0: Called Strike 0-1: Foul Ball, location: 2F 0-2: Ball 1-2: Foul Ball, location: 2F 1-2: Strikes out looking
|
Batting: LHB Jose Cruz
|
0-0: Fly out, F6 (Popup, 6MS, EV 77.5 MPH)
|
Top of the 2nd over - 1 run, 1 hit, 0 errors, 0 left on base; Columbus 1 - Southern Maryland 1 |
BOTTOM OF THE 2ND |
Southern Maryland Blue Crabs batting - Pitching for Columbus Reds : RHP Bayani Blanco
|
Batting: RHB C.J. Wells
|
0-0: Called Strike 0-1: Ball 1-1: Swinging Strike 1-2: Ball 2-2: Ball 3-2: Base on Balls
|
Batting: RHB Imbart van Rens
|
0-0: Ball 1-0: SINGLE (Groundball, 6MD, EV 101.9 MPH) C.J. Wells to second
|
Batting: LHB Ivan Alvarez
|
0-0: Called Strike 0-1: Grounds into double play, 4-6-3 (Groundball, 4, EV 106.2 MPH) C.J. Wells to third
|
Batting: RHB Jeff Parlo
|
0-0: Called Strike 0-1: DOUBLE (Flyball, 8RD, EV 91.9 MPH) C.J. Wells scores
|
Batting: SHB Eric Kelley
|
0-0: Foul Ball, location: 2F 0-1: Swinging Strike 0-2: DOUBLE (Line Drive, 8RXD, EV 98.1 MPH) Jeff Parlo scores
|
Batting: LHB Jeremy Nuzzo
|
0-0: Called Strike 0-1: Foul Ball, location: 2F 0-2: Ball 1-2: Ball 2-2: Foul Ball, location: 2F 2-2: Fly out, F8 (Flyball, 8LD, EV 93.1 MPH)
|
Bottom of the 2nd over - 2 runs, 3 hits, 0 errors, 1 left on base; Columbus 1 - Southern Maryland 3 |
TOP OF THE 3RD |
Columbus Reds batting - Pitching for Southern Maryland Blue Crabs : RHP Bob Bychyk
|
Batting: RHB Cornholdo Schwerin
|
0-0: Swinging Strike 0-1: Ball 1-1: Called Strike 1-2: Strikes out swinging
|
Batting: RHB Randy Grewe
|
0-0: Called Strike 0-1: Ball 1-1: Foul Ball, location: 2F 1-2: Ball 2-2: Foul Ball, location: 2F 2-2: Ball 3-2: Fly out, F7 (Flyball, 78M, EV 91.9 MPH)
|
Batting: RHB Juan Zamora
|
0-0: Ball 1-0: Ball 2-0: Ball 3-0: Base on Balls
|
Batting: LHB Jamie Spangenberg
|
0-0: Called Strike 0-1: Swinging Strike 0-2: Foul Ball, location: 2F 0-2: Foul Ball, location: 2F 0-2: Foul Ball, location: 2F 0-2: Foul Ball, location: 2F 0-2: Ground out U3 (Groundball, 3L, EV 78.1 MPH)
|
Top of the 3rd over - 0 runs, 0 hits, 0 errors, 1 left on base; Columbus 1 - Southern Maryland 3 |
BOTTOM OF THE 3RD |
Southern Maryland Blue Crabs batting - Pitching for Columbus Reds : RHP Bayani Blanco
|
Batting: RHB Pedro Luera
|
0-0: Ball 1-0: Ball 2-0: Ball 3-0: Base on Balls
|
Batting: LHB Robert Ortiz
|
0-0: SINGLE (Line Drive, 5D, EV 97.5 MPH) Pedro Luera to second
|
Batting: RHB Tyler Cohen
|
0-0: Ball 1-0: Foul Ball, location: 2F 1-1: Ball 2-1: SINGLE (Line Drive, 56D, EV 94.4 MPH) Pedro Luera to third Robert Ortiz to second
|
Batting: RHB C.J. Wells
|
0-0: Ball 1-0: Called Strike 1-1: Called Strike 1-2: Ball 2-2: Ball 3-2: Strikes out looking
|
Batting: RHB Imbart van Rens
|
0-0: Hit by Pitch Pedro Luera scores Robert Ortiz to third Tyler Cohen to second
|
Batting: LHB Ivan Alvarez
|
0-0: Called Strike 0-1: Called Strike 0-2: Foul Ball, location: 2F 0-2: Foul Ball, location: 2F 0-2: Ball 1-2: Strikes out swinging
|
Batting: RHB Jeff Parlo
|
0-0: Ball 1-0: Ball 2-0: SINGLE (Groundball, 4, EV 97.5 MPH) Robert Ortiz scores Tyler Cohen to third Imbart van Rens to second Runner from 3rd tries for Home, SAFE, throw by CF to home
|
Pitching: RHP Cortez Restrepo
|
|
Batting: SHB Eric Kelley
|
0-0: Ball 1-0: Fly out, F9 (Flyball, 89M, EV 82.5 MPH)
|
Bottom of the 3rd over - 3 runs, 3 hits, 0 errors, 2 left on base; Columbus 1 - Southern Maryland 6 |
TOP OF THE 4TH |
Columbus Reds batting - Pitching for Southern Maryland Blue Crabs : RHP Bob Bychyk
|
Batting: RHB Mark Williams
|
0-0: Ball 1-0: Ball 2-0: Called Strike 2-1: Ball 3-1: SINGLE (Line Drive, 89S, EV 100.0 MPH)
|
Batting: RHB Alex Villagomez
|
0-0: Ball 1-0: DOUBLE (Line Drive, 9LM, EV 96.9 MPH) Mark Williams to third
|
Batting: SHB Cesar Pelayo
|
0-0: Called Strike 0-1: Called Strike 0-2: Foul Ball, location: 2F 0-2: Hit by Pitch
|
Batting: RHB Alex Juarez
|
0-0: Called Strike 0-1: Foul Ball, location: 2F 0-2: Ball 1-2: Grounds into fielders choice 1-2 (Groundball, 13S, EV 71.9 MPH) Alex Villagomez to third Cesar Pelayo to second
|
Batting: LHB Jose Cruz
|
0-0: Ball 1-0: Called Strike 1-1: Ball 2-1: Ball 3-1: Fly out, F8 (Flyball, 8RM, EV 90.6 MPH)
|
Batting: RHB Cornholdo Schwerin
|
0-0: Swinging Strike 0-1: Fly out, F8 (Flyball, 8LM, EV 76.2 MPH)
|
Top of the 4th over - 0 runs, 2 hits, 0 errors, 3 left on base; Columbus 1 - Southern Maryland 6 |
BOTTOM OF THE 4TH |
Southern Maryland Blue Crabs batting - Pitching for Columbus Reds : RHP Cortez Restrepo
|
Batting: LHB Jeremy Nuzzo
|
0-0: Called Strike 0-1: Ball 1-1: Ball 2-1: SINGLE (Line Drive, 34, EV 108.1 MPH)
|
Batting: RHB Pedro Luera
|
0-0: Called Strike 0-1: Hit by Pitch Jeremy Nuzzo to second
|
Batting: LHB Robert Ortiz
|
0-0: Ball 1-0: Ball 2-0: Ball 3-0: Base on Balls Jeremy Nuzzo to third Pedro Luera to second
|
Batting: RHB Tyler Cohen
|
0-0: Called Strike 0-1: Ball 1-1: Foul Ball, location: 2F 1-2: Ball 2-2: Strikes out swinging
|
Batting: RHB C.J. Wells
|
0-0: Swinging Strike 0-1: Ball 1-1: Hit by Pitch Jeremy Nuzzo scores Pedro Luera to third Robert Ortiz to second
|
Batting: RHB Imbart van Rens
|
0-0: Ball 1-0: Foul Ball, location: 2F 1-1: Ball 2-1: Called Strike 2-2: Strikes out swinging
|
Batting: LHB Ivan Alvarez
|
0-0: Called Strike 0-1: Foul Ball, location: 2F 0-2: Strikes out looking
|
Bottom of the 4th over - 1 run, 1 hit, 0 errors, 3 left on base; Columbus 1 - Southern Maryland 7 |
TOP OF THE 5TH |
Columbus Reds batting - Pitching for Southern Maryland Blue Crabs : RHP Bob Bychyk
|
Batting: RHB Randy Grewe
|
0-0: Ball 1-0: Swinging Strike 1-1: Ball 2-1: Foul Ball, location: 2F 2-2: Foul Ball, location: 2F 2-2: Foul Ball, location: 2F 2-2: Reached on error, E2 (Groundball, 2L, EV 73.1 MPH)
|
Batting: RHB Juan Zamora
|
0-0: Ball 1-0: Foul Ball, location: 2F 1-1: Foul Ball, location: 2F 1-2: Fielders Choice at 2nd, 1-4 (Groundball, 15S, EV 73.1 MPH)
|
Batting: LHB Jamie Spangenberg
|
0-0: Swinging Strike 0-1: SINGLE (Groundball, 34D, EV 103.1 MPH) Juan Zamora to second Runner from 2nd tries for 3rd, SAFE, throw by RF made to third
|
Pitching: LHP Killian Wellman
|
|
Batting: RHB Mark Williams
|
0-0: Called Strike 0-1: Ball 1-1: Swinging Strike 1-2: Ball 2-2: Ball 3-2: Base on Balls Jamie Spangenberg to second
|
Batting: RHB Alex Villagomez
|
0-0: Called Strike 0-1: Ball 1-1: Foul Ball, location: 2F 1-2: Foul Ball, location: 2F 1-2: Strikes out looking
|
Pinch Hitting: RHB Ben Burkholder
|
0-0: Foul Ball, location: 2F 0-1: Called Strike 0-2: Strikes out swinging
|
Top of the 5th over - 0 runs, 1 hit, 1 error, 3 left on base; Columbus 1 - Southern Maryland 7 |
BOTTOM OF THE 5TH |
Southern Maryland Blue Crabs batting - Pitching for Columbus Reds : RHP Cortez Restrepo
|
Now at 1B: Ernie Maldonado
|
|
Batting: RHB Jeff Parlo
|
0-0: Called Strike 0-1: Swinging Strike 0-2: Ball 1-2: Ball 2-2: Ball 3-2: Base on Balls
|
Pitching: RHP Finlay Clamp
|
|
Batting: SHB Eric Kelley
|
0-0: Called Strike 0-1: Ball 1-1: Ball 2-1: Called Strike 2-2: Ball 3-2: Fly out, F9 (Flyball, 9, EV 88.8 MPH)
|
Batting: LHB Jeremy Nuzzo
|
0-0: Foul Ball, location: 2F 0-1: Foul Ball, location: 2F 0-2: Ball 1-2: Ball 2-2: Ball 3-2: Fly out, F8 (Line Drive, 8LM, EV 85.6 MPH)
|
Batting: RHB Pedro Luera
|
0-0: Foul Ball, location: 2F 0-1: Foul Ball, location: 2F 0-2: Ball 1-2: Foul Ball, location: 2F 1-2: Foul Ball, location: 2F 1-2: Ball 2-2: Ball 3-2: Foul Ball, location: 2F 3-2: Base on Balls Jeff Parlo to second
|
Batting: LHB Robert Ortiz
|
0-0: Swinging Strike 0-1: Called Strike 0-2: Strikes out swinging
|
Bottom of the 5th over - 0 runs, 0 hits, 0 errors, 2 left on base; Columbus 1 - Southern Maryland 7 |
TOP OF THE 6TH |
Columbus Reds batting - Pitching for Southern Maryland Blue Crabs : LHP Killian Wellman
|
Batting: RHB Alex Juarez
|
0-0: Swinging Strike 0-1: Foul Ball, location: 2F 0-2: Ball 1-2: Strikes out swinging
|
Batting: LHB Jose Cruz
|
0-0: Ball 1-0: Ball 2-0: Ball 3-0: Base on Balls
|
Batting: RHB Cornholdo Schwerin
|
0-0: Called Strike 0-1: Ball 1-1: Ball 2-1: Called Strike Jose Cruz is caught stealing 2nd base 2-4 2-2: Strikes out swinging
|
Top of the 6th over - 0 runs, 0 hits, 0 errors, 0 left on base; Columbus 1 - Southern Maryland 7 |
BOTTOM OF THE 6TH |
Southern Maryland Blue Crabs batting - Pitching for Columbus Reds : RHP Finlay Clamp
|
Batting: RHB Tyler Cohen
|
0-0: Foul Ball, location: 2F 0-1: Swinging Strike 0-2: Strikes out swinging
|
Pitching: RHP Amador Sadaba
|
|
Batting: RHB C.J. Wells
|
0-0: Foul Ball, location: 2F 0-1: Called Strike 0-2: Ball 1-2: Strikes out swinging
|
Pitching: RHP Aaron McArdle
|
|
Batting: RHB Imbart van Rens
|
0-0: Called Strike 0-1: Ball 1-1: Foul Ball, location: 2F 1-2: Foul Ball, location: 2F 1-2: Strikes out looking
|
Bottom of the 6th over - 0 runs, 0 hits, 0 errors, 0 left on base; Columbus 1 - Southern Maryland 7 |
TOP OF THE 7TH |
Columbus Reds batting - Pitching for Southern Maryland Blue Crabs : LHP Killian Wellman
|
Batting: RHB Randy Grewe
|
0-0: Ball 1-0: Ball 2-0: Foul Ball, location: 2F 2-1: Swinging Strike 2-2: Ball 3-2: Strikes out swinging
|
Batting: RHB Juan Zamora
|
0-0: Foul Ball, location: 2F 0-1: Ball 1-1: Ball 2-1: Called Strike 2-2: Strikes out swinging, 2-3 out at first.
|
Batting: LHB Jamie Spangenberg
|
0-0: Called Strike 0-1: SINGLE (Flyball, 8RS, EV 83.1 MPH)
|
Batting: RHB Mark Williams
|
0-0: Ground out 6-3 (Groundball, 6MS, EV 90.0 MPH)
|
Top of the 7th over - 0 runs, 1 hit, 0 errors, 1 left on base; Columbus 1 - Southern Maryland 7 |
BOTTOM OF THE 7TH |
Southern Maryland Blue Crabs batting - Pitching for Columbus Reds : RHP Aaron McArdle
|
Batting: LHB Ivan Alvarez
|
0-0: SINGLE (Flyball, 78M, EV 96.2 MPH)
|
Batting: RHB Jeff Parlo
|
0-0: Called Strike 0-1: Ball 1-1: Swinging Strike 1-2: Ball 2-2: Strikes out swinging
|
Batting: SHB Eric Kelley
|
0-0: Ball 1-0: Called Strike 1-1: Ball 2-1: Foul Ball, location: 2F 2-2: Fielders Choice at 2nd, 4-6 (Groundball, 4S, EV 85.6 MPH)
|
Batting: LHB Jeremy Nuzzo
|
0-0: Ball 1-0: Foul Ball, location: 2F 1-1: Foul Ball, location: 2F 1-2: Ball Eric Kelley steals 2nd base 2-2: Strikes out swinging
|
Bottom of the 7th over - 0 runs, 1 hit, 0 errors, 1 left on base; Columbus 1 - Southern Maryland 7 |
TOP OF THE 8TH |
Columbus Reds batting - Pitching for Southern Maryland Blue Crabs : LHP Killian Wellman
|
Batting: RHB Alex Villagomez
|
0-0: SINGLE (Groundball, 56, EV 100.0 MPH)
|
Pitching: RHP Clifton Stannard
|
|
Pinch Hitting: LHB Matthew Berry
|
0-0: Ball 1-0: Ball 2-0: Foul Ball, location: 2F 2-1: Foul Ball, location: 2F 2-2: Foul Ball, location: 2F 2-2: Ball 3-2: Foul Ball, location: 2F 3-2: Grounds into double play, 4-6-3 (Groundball, 4D, EV 100.0 MPH)
|
Batting: RHB Alex Juarez
|
0-0: Called Strike 0-1: Swinging Strike 0-2: Ball 1-2: Strikes out looking
|
Top of the 8th over - 0 runs, 1 hit, 0 errors, 0 left on base; Columbus 1 - Southern Maryland 7 |
BOTTOM OF THE 8TH |
Southern Maryland Blue Crabs batting - Pitching for Columbus Reds : RHP Aaron McArdle
|
Pitching: RHP Hugo Pirir
|
|
Now at 1B: Matthew Berry
|
|
Batting: RHB Pedro Luera
|
0-0: Ball 1-0: Called Strike 1-1: Ball 2-1: Fly out, F7 (Line Drive, 7, EV 89.4 MPH)
|
Batting: LHB Robert Ortiz
|
0-0: Called Strike 0-1: Swinging Strike 0-2: Ball 1-2: Foul Ball, location: 2F 1-2: Foul Ball, location: 2F 1-2: Ball 2-2: Foul Ball, location: 2F 2-2: Ball 3-2: Foul Ball, location: 2F 3-2: Foul Ball, location: 2F 3-2: Strikes out looking
|
Batting: RHB Tyler Cohen
|
0-0: Called Strike 0-1: Ball 1-1: Foul Ball, location: 2F 1-2: SOLO HOME RUN (Flyball, 7D, EV 95.0 MPH), Distance : 385 ft
|
Batting: RHB C.J. Wells
|
0-0: Foul Ball, location: 2F 0-1: Swinging Strike 0-2: Strikes out swinging
|
Bottom of the 8th over - 1 run, 1 hit, 0 errors, 0 left on base; Columbus 1 - Southern Maryland 8 |
TOP OF THE 9TH |
Columbus Reds batting - Pitching for Southern Maryland Blue Crabs : RHP Clifton Stannard
|
Pinch Hitting: RHB Jonathan Davis
|
0-0: Swinging Strike 0-1: Ball 1-1: Foul Ball, location: 2F 1-2: Strikes out swinging
|
Pinch Hitting: LHB Fernando Gomez
|
0-0: Called Strike 0-1: Ball 1-1: Ball 2-1: Ball 3-1: Called Strike 3-2: Base on Balls
|
Batting: RHB Randy Grewe
|
0-0: DOUBLE (Line Drive, 78XD, EV 109.4 MPH) Fernando Gomez to third
|
Batting: RHB Juan Zamora
|
0-0: Called Strike 0-1: Called Strike 0-2: Ball 1-2: Fly out, F7 (Line Drive, 7, EV 106.2 MPH)
|
Batting: LHB Jamie Spangenberg
|
0-0: Ball 1-0: Ball 2-0: Ball 3-0: Base on Balls
|
Pinch Hitting: RHB Kevin Larner
|
0-0: Called Strike 0-1: Ball 1-1: Ball 2-1: Called Strike 2-2: Ball 3-2: Base on Balls Fernando Gomez scores Randy Grewe to third Jamie Spangenberg to second
|
Batting: RHB Alex Villagomez
|
0-0: Ball 1-0: Called Strike 1-1: Called Strike 1-2: Strikes out swinging
|
Top of the 9th over - 1 run, 1 hit, 0 errors, 3 left on base; Columbus 2 - Southern Maryland 8 |
|